 Dungeon Crawl Stone Soup version 0.29-a0-845-g6161e89988 (webtiles) character file.

Game seed: 5453611360996743645

15 clackabat the Trooper (level 2, 24/27 HPs)
             Began as a Minotaur Fighter on July 16, 2022.
             Quit the game on level 1 of the Dungeon.
             The game lasted 00:00:44 (460 turns).

clackabat the Trooper (Minotaur Fighter)             Turns: 460, Time: 00:00:45

Health: 24/27      AC:  6    Str: 20    XL:     2   Next: 34%
Magic:  1/1        EV:  9    Int:  5    God:
Gold:   0          SH:  4    Dex:  9    Spells: 1/1 levels left

rFire   . . .      SeeInvis .   a - +0 war axe
rCold   . . .      Faith    .   c - +0 buckler
rNeg    . . .      Spirit   .   b - +0 scale mail
rPois   .          Reflect  .   (helmet restricted)
rElec   .          Harm     .   (no cloak)
rCorr   .          Rampage  .   (no gloves)
Will    .....                   (no boots)
Stlth   ..........              (no amulet)
HPRegen 0.09/turn               (no ring)
MPRegen 0.07/turn               (no ring)

@: no status effects
A: horns 2, retaliatory headbutt
a: no special abilities


You were on level 1 of the Dungeon.
You visited 1 branch of the dungeon, and saw 1 of its levels.

Inventory:

Hand Weapons
 a - a +0 war axe (weapon)
Missiles
 f - 3 poisoned darts (quivered)
Armour
 b - a +0 scale mail (worn)
 c - a +0 buckler (worn)
Potions
 d - a potion of might
 e - a potion of brilliance {unknown}


   Skills:
 + Level 4.0 Fighting
 * Level 3.3 Axes
 - Level 3.6 Armour
 - Level 3.6 Shields


You had one spell level left.
You didn't know any spells.
Your spell library was empty.

Dungeon Overview and Level Annotations

Branches:
Dungeon (1/15)

Altars:


Innate Abilities, Weirdness & Mutations

You have a pair of horns on your head.
You reflexively headbutt those who attack you in melee.


Message History

Unknown command.
The endoplasm freezes you.
You are frozen.
You hit the endoplasm.
The endoplasm is moderately wounded.
The endoplasm closely misses you. You furiously retaliate!
You headbutt the endoplasm!
You kill the endoplasm!
No target in view!
No target in view!
No target in view!
A kobold comes into view. It is wielding a +0 club.
The kobold shouts!
A dart slug comes into view.
There are monsters nearby!
A bat comes into view.
The kobold hits you but does no damage.
You closely miss the kobold. Your headbutt misses the kobold.
The kobold hits you but does no damage.
You hit the kobold.
The kobold is heavily wounded.
The kobold closely misses you. The kobold hits you but does no damage.
You closely miss the kobold.
The kobold is heavily wounded.
The kobold closely misses you.
You hit the kobold.
You kill the kobold!
The bat hits you.
You hit the bat.
The bat is heavily wounded.
You slash the dart slug! You block the bat's attack. x2
The dart slug launches a dart at you. The slug dart hits you.
The bat closely misses you.
You hit the dart slug.
You kill the dart slug!
You hit the bat.
You kill the bat!
Your Fighting skill increases to level 4!
No target in view!
Are you sure you want to abandon this character and quit the game? (Confirm with "yes".)

##.#.(.##.##.......# #.###
#......##.##....b #.... .
#................ ##### ..
#........##...... ########
...###........##... .
#....... ..............##..
#..#####. #.......#.....##.#
# #♣♣ ##
........#.....##.###....
♣.♣♣♣#
######.........†@)...#
#♣♣...♣♣
#.......#########♣♣♣♣.....♣.
#...)...## #♣♣..........
#........# ##♣......♣.♣...
#........## #......♣♣♣♣♣...
#.######..# #......♣ ♣♣♣. #.
##.####.....♣######♣. #.
#..##...♣♣♣♣#....#♣♣
##.##..♣♣ #....##♣


There were no monsters in sight!

Vanquished Creatures
  2 dart slugs (D:1)
  An endoplasm (D:1)
  A hobgoblin (D:1)
  2 kobolds (D:1)
  2 ball pythons (D:1)
  2 bats (D:1)
10 creatures vanquished.

Notes
Turn   | Place    | Note
-------+----------+-------------------------------------------
     0 | D:1      | clackabat the Minotaur Fighter began the quest for the Orb.
     0 | D:1      | Reached XP level 1. HP: 19/19 MP: 0/0
   373 | D:1      | Reached XP level 2. HP: 26/27 MP: 1/1
   460 | D:1      | Reached skill level 4 in Fighting
   460 | D:1      | Quit the game

Illustrated notes

Levels and vault maps discovered:
D:1:      sevenhm_arrival_forest_fort_large_3, layout_basic,
          shapermc_ecumenical_altar_pompeii, chequers_jeans,
          hangedman_abyss_or_decor_lesser_grid, kennysheep_small_spiral

Skill      XL: |  1  2 |
---------------+-------+-----
Axes           | 3 |  3.3
Fighting       | 4 |  4.0
Armour         | |  3.6
Shields        | |  3.6

Action                   || total
-------------------------++-------
Melee: War axe           ||    15
Armor: Scale mail        ||     4
Dodge: Dodged            ||     6
Block: Buckler           ||     3

Table legend: (Time is in decaauts)
 A = Elapsed time spent in this place.
 B = Non-inter-level travel time spent in this place.
 C = Inter-level travel time spent in this place.
 D = Time resting spent in this place.
 E = Time spent auto-exploring this place.
 F = Levels seen in this place.
 G = Mean time per level.
                   A        B        C        D        E       F      G
               +--------+--------+--------+--------+--------+-----+--------+
         Total |    465 |    442 |     23 |      0 |    392 |   1 |  465.0 |
       Dungeon |    465 |    442 |     23 |      0 |    392 |   1 |  465.0 |
               +--------+--------+--------+--------+--------+-----+--------+

Top non-repeatable levels by time:
     D:1: 465 daAuts
